 Dungeon Crawl Stone Soup version 0.26.0-57-g60708a5e39 (webtiles) character file.

Game seed: 7385262907025619845

(classic levelgen) 555 thiole the Stinger (level 7, -1/45 HPs)
             Began as an Octopode Venom Mage on Feb 1, 2021.
             Killed by divine providence
             ... invoked by an orc priest
              (9 damage)
             ... on level 5 of the Dungeon.
             The game lasted 00:06:05 (6763 turns).

thiole the Stinger (Octopode Venom Mage)            Turns: 6763, Time: 00:06:06

Health: -1/45      AC:  5    Str: 13    XL:     7   Next: 30%
Magic:  13/20      EV: 12    Int: 20    God:
Gold:   277        SH:  9    Dex: 12    Spells: 13/14 levels left

rFire    + . .     SeeInvis .   (no weapon)
rCold    . . .     Faith    .   e - +2 buckler
rNeg     . . .     Spirit   .   v - +2 hat
rPois    +         Reflect  .   (no amulet)
rElec    .         Harm     .   d - ring of protection from fire
rCorr    .         Rampage  .   p - ring of poison resistance
Will     .....                  (no ring)
Stlth    +++.......             r - ring of magical power
HPRegen  0.15/turn              s - +6 ring of strength
MPRegen  0.17/turn              (no ring)
                                (no ring)
                                (no ring)

@: very slightly contaminated
A: almost no armour, stealthy swim, amphibious, 8 rings, constrict 8, large bone
plates 1, yellow scales 1, camouflage 1, low mp 1, screaming 1, gelatinous body
1
a: no special abilities


You were on level 5 of the Dungeon.
You visited 1 branch of the dungeon, and saw 5 of its levels.

You collected 277 gold pieces.

Inventory:

Armour
 e - a +2 buckler (worn)
 v - a +2 hat (worn)
Jewellery
 d - a ring of protection from fire (left tentacle)
 p - a ring of poison resistance (right tentacle)
 r - a ring of magical power (on tentacle)
 s - a +6 ring of strength (on tentacle)
Wands
 o - a wand of polymorph (6)
Scrolls
 a - 2 scrolls of teleportation
 c - a scroll of enchant weapon {unknown}
 f - 2 scrolls of amnesia {unknown}
 h - 2 scrolls of blinking {unknown}
 j - a scroll of remove curse
 l - a scroll of fear
 m - a scroll of noise {unknown}
Potions
 g - 2 potions of haste {unknown}
 i - a potion of attraction {unknown}
 k - 2 potions of curing {unknown}
 n - 2 potions of brilliance {unknown}
 q - a potion of might {unknown}
 t - a potion of flight {unknown}
 u - a potion of cancellation {unknown}


   Skills:
 - Level 2.0 Fighting
 - Level 2.0 Dodging
 - Level 2.6 Stealth
 - Level 4.0 Spellcasting
 + Level 3.6 Conjurations
 - Level 3.0 Transmutations
 - Level 3.0 Fire Magic
 - Level 4.0 Poison Magic


You had 13 spell levels left.
You knew the following spells:

 Your Spells              Type           Power        Failure   Level
a - Sting                 Tmut/Pois      72%          4%          1

Your spell library contained the following spells:

 Spells                   Type           Power        Failure   Level
 Poisonous Vapours        Pois/Air       24%          14%         2
 Ignite Poison            Fire/Tmut/Pois 17%          17%         3
 Mephitic Cloud           Conj/Pois/Air  14%          22%         3
 Olgreb's Toxic Radiance  Pois           20%          38%         4


Dungeon Overview and Level Annotations

Branches:
Dungeon (5/15)
 Temple: D:4-7

Altars:
Ashenzari
Elyvilon
Xom


Innate Abilities, Weirdness & Mutations

You cannot wear most types of armour.
You are very stealthy in the water. (Stealth+)
You are amphibious.
You can wear up to eight rings at the same time.
You can use your tentacles to constrict eight enemies at once.
Your skin changes colour to match your surroundings (Stealth+).
Your rubbery body absorbs attacks. (AC +1, EV +1)
You are partially covered in large bone plates. (SH +4)
You are partially covered in yellow scales. (AC +2)
Your magical capacity is low. (-10% MP)
You occasionally shout uncontrollably at your foes.


Message History

You miscast Sting.
You are very lightly contaminated with residual magic.
Nothing appears to happen.
You constrict the orc priest.
The orc priest invokes the aid of Beogh against you.
Beogh smites you! The orc hits you.
The orc priest mumbles some strange prayers to Beogh against you.
Pain shoots through your body!
* * * LOW HITPOINT WARNING * * *
Casting: Sting (safe; 4% risk of failure)
Confirm with . or Enter, or press ? or * to list all spells.
Aiming: Sting (safe; 4% risk of failure)
Press: ? - help, Shift-Dir - straight line, f/p - orc
Aim: an orc, wearing a cursed +0 chain mail (19% to evade)
The sting misses the orc.
You constrict the orc priest.
The orc priest looks encouraged for a moment.
The orc hits you.
* * * LOW HITPOINT WARNING * * *
The orc priest mumbles some strange prayers to Beogh against you.
Beogh smites you!
You die...

........ ....... ....#.
.....## #.....# .....
...# .#.....## .... ...
.......# ..### ..
#..#...####)..### .#
#..#......#o....## .#
#.........@.o....#
.######.....#.#.o..#....#
......).....#.#....#....#
......................###
#.##.#..##.#..........#
############..........#
#............
#............ #
#....#.......


You could see 2 orc priests and an orc.

Vanquished Creatures
  2 ogres (D:4)
  A scorpion (D:4)
  An orc priest (D:4)
  Jessica (D:2)
  2 worker ants
  3 orc wizards (D:5)
  4 adders
  An ooze (D:2)
  An adder skeleton (D:4)
  4 worms
  4 dart slugs
  A leopard gecko (D:3)
  4 orcs
  A ball python (D:2)
  14 bats
  6 giant cockroaches
  3 goblins
  12 hobgoblins
  6 jackals (D:3)
  6 kobolds
  2 quokkas
  6 frilled lizards
  A leopard gecko skeleton (D:4)
  8 rats
94 creatures vanquished.

Notes
Turn   | Place    | Note
-------+----------+-------------------------------------------
     0 | D:1      | thiole the Octopode Venom Mage began the quest for the Orb.
     0 | D:1      | Reached XP level 1. HP: 11/11 MP: 3/3
   143 | D:1      | Reached XP level 2. HP: 17/17 MP: 1/5
   766 | D:1      | Reached XP level 3. HP: 21/21 MP: 5/7
  1827 | D:2      | Noticed Jessica
  1830 | D:2      | Killed Jessica
  1831 | D:2      | Reached XP level 4. HP: 27/27 MP: 6/10
  1918 | D:2      | Reached skill level 1 in Fighting
  3247 | D:3      | Reached XP level 5. HP: 31/33 MP: 8/11
  3522 | D:3      | Reached skill level 1 in Fire Magic
  4591 | D:4      | Noticed an ogre
  4600 | D:4      | Killed an ogre
  4601 | D:4      | Reached XP level 6. HP: 4/38 MP: 12/12
  4901 | D:4      | HP: 1/38 [ogre/+0 giant spiked club (24)]
  4916 | D:4      | Reached skill level 1 in Conjurations
  5351 | D:4      | Found a white marble altar of Elyvilon.
  5899 | D:4      | Reached XP level 7. HP: 45/45 MP: 13/13
  5941 | D:4      | Found a shimmering altar of Xom.
  6154 | D:4      | Found a broken altar of Ashenzari.
  6374 | D:5      | Entered Level 5 of the Dungeon
  6628 | D:5      | Gained mutation: You are partially covered in yellow
                  | scales. (AC +2) [potion of mutation]
  6628 | D:5      | Gained mutation: Your magical capacity is low. (-10% MP)
                  | [potion of mutation]
  6628 | D:5      | Gained mutation: You occasionally shout uncontrollably at
                  | your foes. [potion of mutation]
  6628 | D:5      | Gained mutation: You are partially covered in large bone
                  | plates. (SH +4) [potion of mutation]
  6763 | D:5      | Killed from afar by an orc priest

Illustrated notes

Levels and vault maps discovered:
D:1:      amcnicky_arrival_double_pillar, layout_basic
D:2:      layout_loops_ring, corexii_hall_statues_t, uniq_jessica
D:3:      layout_basic, serial_glass, glass_columns_b, glass_columns_a,
          glass_columns_b, feat_on_display, feat_on_display
D:4:      layout_basic, kennysheep_mini_moat, kennysheep_mini,
          chequers_mini_garden, minmay_misc_feat_secret_circle, elyvilon_altar_3
D:5:      layout_cave_pools

Skill      XL: |  1  2  3  4  5  6  7 |
---------------+----------------------+-----
Poison Magic   | 4 |  4.0
Spellcasting   | 4 |  4.0
Fighting       | 1 2 |  2.0
Fire Magic     | 2 3 |  3.0
Transmutations | 2 3 |  3.0
Conjurations   | 2 3 |  3.6
Dodging        | |  2.0
Stealth        | |  2.6

Action                   |  1- 3 |  4- 6 |  7- 9 || total
-------------------------+-------+-------+-------++-------
Melee: Unarmed           |    25 |    41 |     5 ||    71
       Constrict         |    13 |    17 |     2 ||    32
       Tentacles         |     6 |     7 |       ||    13
 Cast: Sting             |    70 |   112 |    33 ||   215
  Use: Scroll            |       |     4 |     4 ||     8
       Potion            |       |       |     1 ||     1
Armor: Skin              |     7 |     6 |     5 ||    18
Dodge: Dodged            |    28 |    59 |     5 ||    92
Block: Buckler           |       |       |     3 ||     3
